 Dungeon Crawl Stone Soup version 0.27.1-33-g824d729ab1 (webtiles) character file.

Game seed: 9738920593961128914

1322 MisterFreud the Nimble (level 8, -4/38 HPs)
             Began as a Felid Berserker on Dec 11, 2021.
             Was an Elder of Trog.
             Killed from afar by an electric eel (14 damage)
             ... with a bolt of electricity
             ... on level 7 of the Dungeon.
             The game lasted 00:07:28 (5955 turns).

MisterFreud the Nimble (Felid Berserker)            Turns: 5955, Time: 00:07:29

Health: -4/38      AC:  6    Str: 13    XL:     8   Next: 33%
Magic:  9/9        EV: 25    Int:  8    God:    Trog [****..]
Gold:   225        SH:  0    Dex: 18    Spells: 7/7 levels left
                                        Lives:  0   Deaths: 2

rFire    . . .     SeeInvis +     - Unarmed
rCold    . . .     Faith    +   (shield unavailable)
rNeg     . . .     Spirit   .   (armour unavailable)
rPois    .         Reflect  .   (helmet unavailable)
rElec    .         Harm     .   (cloak unavailable)
rCorr    .         Rampage  .   (gloves unavailable)
Will     +....                  (boots unavailable)
Stlth    ++++......             i - amulet of faith
HPRegen  0.12/turn              c - +4 ring of protection
MPRegen  0.11/turn              (no ring)

@: quick
A: very small, claws 1, fangs 3, see invisible, speed 1, shaggy fur 2, stealthy
paws, no weapons or thrown items, no armour, multi-lived
a: Renounce Religion, Berserk, Trog's Hand, Brothers in Arms


You were on level 7 of the Dungeon.
You worshipped Trog.
Trog was greatly pleased with you.
You visited 1 branch of the dungeon, and saw 7 of its levels.

You collected 225 gold pieces.

Inventory:

Jewellery
 c - a +4 ring of protection (left paw)
 i - an amulet of faith (around neck)
Wands
 k - a wand of charming (10)
 t - a wand of flame (11)
Scrolls
 d - a scroll of holy word {unknown}
 e - a scroll of summoning {unknown}
 o - a scroll of silence {unknown}
 p - a scroll of teleportation {unknown}
 q - 2 scrolls of vulnerability {unknown}
 r - 2 scrolls of identify
 s - a scroll of amnesia {unknown}
 u - a scroll of fog {unknown}
Potions
 a - 2 potions of resistance
 b - 2 potions of heal wounds
 f - 3 potions of haste {unknown}
 g - a potion of flight
 h - a potion of cancellation
 j - a potion of lignification {unknown}
 l - 2 potions of curing {unknown}
 m - 2 potions of mutation {unknown}
 n - 2 potions of berserk rage {unknown}


   Skills:
 - Level 6.0 Fighting
 + Level 10.8 Dodging
 + Level 7.7 Stealth
 + Level 6.9 Unarmed Combat


You had 7 spell levels left.
You didn't know any spells.
Your spell library was empty.

Dungeon Overview and Level Annotations

Branches:
Dungeon (7/15)
 Temple: D:4-7

Altars:
Cheibriados
Fedhas
Makhleb
Okawaru
Qazlal
Sif Muna
Uskayaw
Zin


Innate Abilities, Weirdness & Mutations

You have sharp claws.
You have razor-sharp teeth.
You have supernaturally acute eyesight. (SInv)
You cover ground quickly. (Speed+)
You are covered in thick fur. (AC +2)
Your paws help you pounce on unaware monsters.
You are incapable of wielding weapons or throwing items.
You cannot wear armour.
You gain extra lives every three experience levels.


Message History

The electric eel is lightly wounded.
The electric eel shoots out a bolt of lightning at you!
The bolt of electricity misses you.
You closely miss the electric eel.
The electric eel is lightly wounded.
You claw the electric eel!
The electric eel is severely wounded.
You closely miss the electric eel.
The electric eel is severely wounded.
You claw the electric eel!
You kill the electric eel!
Trog accepts your kill.
You enter the shallow water.
Moving in this stuff is going to be slow.
Found a potion of resistance.
You see here a dart slug corpse.
You enter the shallow water.
Moving in this stuff is going to be slow.
A dart slug comes into view.
Why would you want to do that? Why would you want to do that?
You enter the shallow water.
Moving in this stuff is going to be slow.
An electric eel comes into view.
A dart slug comes into view.
The dart slug launches a dart at you. The slug dart hits you.
Aiming: Throw Flame
Press: ? - help, Shift-Dir - straight line, f - electric eel
Aim: an electric eel (water, asleep, 100% to hit)
Unknown command.
Unknown command.
The electric eel shoots out a bolt of lightning at you!
The bolt of electricity hits you!
* * * LOW HITPOINT WARNING * * *
There is a stone staircase leading up here.
A dart slug comes into view.
The electric eel shoots out a bolt of lightning at you!
The bolt of electricity hits you!
You die...

.≈≈##..#########
#.≈≈≈w≈≈≈..†....>....
###≈≈≈≈≈≈≈≈≈##.##......
.#≈≈≈≈≈...≈≈#≈≈..#..####
#.#≈≈≈.#.)≈≈≈≈≈.##..#
#≈≈≈;§≈≈[≈≈≈≈≈#≈##..#
≈≈w≈§≈≈≈.≈≈#≈≈≈≈≈#..#
w≈≈≈≈≈§=8.≈≈≈≈≈≈≈#..###
.≈≈≈≈≈≈@<.≈≈≈≈≈≈†.....#
≈≈≈≈≈≈≈:..≈≈≈≈≈≈≈..##.#
≈≈≈#≈##≈.≈≈≈≈≈#≈≈.##
#≈≈≈≈≈≈).≈≈≈≈≈≈≈#.#####.
.w≈#≈≈#...≈≈≈≈≈.#.......
.#≈≈≈≈≈..≈#≈≈≈≈#...#####
##≈≈≈≈≈≈≈≈≈≈###...#
##.≈≈≈≈≈≈≈.###...#
#.##≈≈.≈≈#..##.#.#


You could see an electric eel and 4 dart slugs.

Vanquished Creatures
  A troll (D:6)
  Grinder (D:4)
  Sigmund (D:3)
  Duvessa (D:4)
  A black bear (D:6)
  3 ogres
  A necrophage (D:5)
  A centaur (D:6)
  A phantom (D:5)
  2 bullfrogs (D:6)
  Blork the orc (D:4)
  A wyvern zombie (D:5)
  A scorpion (D:6)
  2 water moccasin zombies
  Dowan (D:4)
  An electric eel (D:7)
  A centaur zombie (D:6)
  A jelly (D:6)
  A bullfrog skeleton (D:5)
  4 hounds
  3 orc priests
  3 iguanas
  Natasha (twice) (D:4 D:3)
  2 orc wizards (D:5)
  A hound skeleton (D:4)
  A howler monkey skeleton (D:5)
  An adder (D:5)
  3 white imps
  An ufetubus (D:6)
  3 adder skeletons (D:4)
  3 worms
  8 dart slugs
  14 orcs
  4 ball pythons
  7 endoplasms
  2 giant cockroaches (D:4)
  8 goblins
  4 hobgoblins
  4 jackals
  6 kobolds
  8 quokkas
  7 bats
  A frilled lizard (D:1)
  3 rats
126 creatures vanquished.

Vanquished Creatures (others)
  A dart slug (D:7)
1 creature vanquished.

Grand Total: 127 creatures vanquished

Notes
Turn   | Place    | Note
-------+----------+-------------------------------------------
     0 | D:1      | MisterFreud the Felid Berserker began the quest for the
                  | Orb.
     0 | D:1      | Reached XP level 1. HP: 10/10 MP: 2/2
    81 | D:1      | Reached skill level 1 in Stealth
   422 | D:1      | Reached XP level 2. HP: 14/14 MP: 3/3
   736 | D:1      | Found a faded altar of an unknown god.
  1108 | D:2      | Reached XP level 3. HP: 17/17 MP: 4/4
  2060 | D:3      | Reached ** piety under Trog
  2096 | D:3      | Reached XP level 4. HP: 15/21 MP: 5/5
  2226 | D:3      | Noticed Sigmund
  2255 | D:3      | Killed Sigmund
  2256 | D:3      | Reached skill level 5 in Stealth
  2256 | D:3      | Reached skill level 5 in Unarmed Combat
  2256 | D:3      | Reached XP level 5. HP: 24/24 MP: 6/6
  2594 | D:3      | Found a shimmering blue altar of Sif Muna.
  2679 | D:4      | Noticed Blork the orc
  2697 | D:4      | Gained mutation: You are covered in thick fur. (AC +2)
                  | [Felid growth]
  2697 | D:4      | Reached XP level 6. HP: 28/28 MP: 7/7
  2705 | D:4      | Killed Blork the orc
  2803 | D:4      | Noticed Natasha
  2811 | D:4      | Killed Natasha
  2886 | D:4      | Reached skill level 5 in Dodging
  3152 | D:4      | Noticed Grinder
  3155 | D:4      | Paralysed by Grinder for 4 turns
  3163 | D:4      | Slain by Grinder
  3164 | D:4      | Reached XP level 5. HP: -2/36 MP: 6/6
  3192 | D:4      | Reached XP level 6. HP: 26/28 MP: 7/7
  3229 | D:4      | Noticed Dowan
  3230 | D:4      | Noticed Duvessa
  3234 | D:4      | Found an iron altar of Okawaru.
  3236 | D:4      | Killed Dowan
  3237 | D:4      | Reached skill level 6 in Dodging
  3244 | D:4      | Killed Duvessa
  3244 | D:4      | Reached *** piety under Trog
  3248 | D:4      | Noticed Natasha
  3257 | D:3      | Killed Natasha
  3258 | D:3      | Reached skill level 7 in Dodging
  3509 | D:4      | Found a snail-covered altar of Cheibriados.
  3526 | D:4      | Found a burning altar of Makhleb.
  3859 | D:4      | Killed Grinder
  3860 | D:4      | Reached skill level 8 in Dodging
  3860 | D:4      | Reached XP level 7. HP: 31/31 MP: 8/8
  4031 | D:5      | Entered Level 5 of the Dungeon
  4041 | D:5      | Found a stormy altar of Qazlal.
  4097 | D:5      | Reached skill level 9 in Dodging
  4280 | D:5      | Identified the +4 hand axe of Ydinkima {flame, +Rage rC+
                  | Dex+7}
  4403 | D:5      | Found a blossoming altar of Fedhas.
  4435 | D:5      | Reached skill level 10 in Dodging
  4518 | D:5      | Found the +8 lance "Wyrmbane" {slay drac, rPois rF+ rC+
                  | AC+3}
  4577 | D:5      | Found a hide-covered altar of Uskayaw.
  4610 | D:5      | Reached XP level 8. HP: 32/36 MP: 9/9
  4710 | D:5      | Found a glowing silver altar of Zin.
  4878 | D:5      | Reached skill level 5 in Fighting
  5086 | D:6      | Reached **** piety under Trog
  5434 | D:6      | Noticed a troll
  5451 | D:6      | Slain by a troll
  5452 | D:6      | Reached XP level 7. HP: 0/34 MP: 8/8
  5494 | D:6      | Killed a troll
  5495 | D:6      | Reached XP level 8. HP: 38/38 MP: 9/9
  5955 | D:7      | Killed from afar by an electric eel

Illustrated notes

Levels and vault maps discovered:
D:1:      lemuel_arrival_muddy, layout_loops_ring,
          hellmonk_ecumenical_altar_inner_sanctum, chequers_jeans
D:2:      layout_loops_ring
D:3:      layout_basic, mainiacjoe_overflow_paths, uniq_sigmund
D:4:      layout_basic, mainiacjoe_overflow_alcove_1,
          mainiacjoe_overflow_tiny_flanked, kennysheep_slug_shrine,
          minmay_diced_spiral, uniq_natasha, uniq_blork_the_orc, uniq_duvessa,
          uniq_grinder
D:5:      layout_loops_ring, grunt_qazlal_sundering,
          mainiacjoe_overflow_alcove_4, mainiacjoe_overflow_big_doors
D:6:      layout_cave_pools, minmay_manual_monstrance
D:7:      kennysheep_slugbush, layout_basic, grunt_dithmenos_shadows,
          minmay_temple_entry_enclosed_plants, serial_shops, nicolae_shop_stone,
          serial_bayou, serial_bayou_pond_a, serial_bayou_crossing,
          serial_bayou_pond_a, serial_bayou_shore_b, serial_bayou_ford_a,
          uniq_prince_ribbit1, uniq_harold

Skill      XL: |  1  2  3  4  5  6  7  8 |
---------------+-------------------------+-----
Stealth        | 1 2 3 5 6 7 |  7.7
Unarmed Combat | 4 5 6 |  6.9
Dodging        | 8 10 | 10.8
Fighting       | 6 |  6.0

Action                   |  1- 3 |  4- 6 |  7- 9 || total
-------------------------+-------+-------+-------++-------
Melee: Unarmed           |    96 |   141 |   185 ||   422
       Bite              |     8 |    13 |    26 ||    47
       Punch             |     2 |     1 |     7 ||    10
Invok: Berserk           |     1 |     6 |     5 ||    12
       Trog's Hand       |       |     1 |     1 ||     2
Evoke: Wand              |       |       |     3 ||     3
  Use: Scroll            |       |     7 |       ||     7
 Stab: Sleeping          |     6 |     7 |     5 ||    18
       Distracted        |       |     2 |       ||     2
Armor: Skin              |    24 |    17 |    21 ||    62
Dodge: Dodged            |    76 |    98 |   165 ||   339
